 Dungeon Crawl Stone Soup version 0.21-a0-633-g4c047d5 (webtiles) character file.

129906 shenanigans the Fighter (level 17, 0/140 HPs)
             Began as a Barachi Skald on Dec 28, 2017.
             Was the Champion of Okawaru.
             Slain by a wolf spider (10 damage)
             ... on level 3 of the Spider Nest.
             The game lasted 02:16:33 (33319 turns).

shenanigans the Fighter (Barachi Skald)            Turns: 33319, Time: 02:16:34

Health: 0/140      AC: 34    Str: 12    XL:     17   Next: 6%
Magic:  26/29      EV:  4    Int: 20    God:    Okawaru [******]
Gold:   1636       SH:  0    Dex: 16    Spells: 30/33 levels left

rFire    . . .     SeeInvis +   a - +8 broad axe (vamp)
rCold    . . .     Gourm    .   e - +1 shield {reflect}
rNeg     . . .     Faith    .   U - +1 crystal plate armour
rPois    +         Spirit   .   S - +0 hat of Mumblety Peg {rElec rPois}
rElec    +         Reflect  +   Q - +0 cloak
rCorr    +         Harm     .   z - +2 pair of gloves {Dex+3}
MR       +....                  f - +0 pair of boots {run}
Stlth    ..........             R - amulet of regeneration
HPRegen  0.73/turn              O - ring of resist corrosion
MPRegen  0.21/turn              E - ring of see invisible

@: heroism, finesse, held
A: +LOS, swims, slowness 1, strong legs 2
a: Hop, Heroism, Finesse, Renounce Religion


You were on level 3 of the Spider Nest.
You worshipped Okawaru.
Okawaru was exalted by your worship.
You were near starving.

You visited 5 branches of the dungeon, and saw 27 of its levels.
You also visited: Sewer and Bailey.

You collected 2480 gold pieces.
You spent 844 gold pieces at shops.

Inventory:

Hand Weapons
 a - a +8 vampiric broad axe (weapon)
 b - a +3 scimitar of flaming
 c - the +8 mithril axe "Arga" {speed, MR+}
   (Okawaru gifted it to you in a bailey)

   Attacks with this weapon are significantly faster.
   It affects your resistance to hostile enchantments.
 n - the +11 broad axe of Keleco {speed, *Contam *Slow rElec MR+++}
   (You found it on level 5 of the Lair of Beasts)

   Attacks with this weapon are significantly faster.
   It insulates you from electricity.
   It affects your resistance to hostile enchantments.
   It causes magical contamination when unequipped.
   It may slow you when you take damage.
 P - a +4 war axe of chopping
Missiles
 o - 2 javelins of penetration
Armour
 e - a +1 shield of reflection (worn)
 f - a +0 pair of boots of running (worn)
 s - a +2 scale mail of positive energy
 z - a +2 pair of gloves of dexterity (worn)
 I - the +1 hat "Tiha" {rPois}
   (Okawaru gifted it to you on level 4 of the Lair of Beasts)

   It protects you from poison.
 Q - a +0 cloak (worn)
 S - the +0 hat of Mumblety Peg (worn) {rElec rPois}
   (Okawaru gifted it to you on level 6 of the Lair of Beasts)

   It insulates you from electricity.
   It protects you from poison.
 U - a +1 crystal plate armour (worn)
 W - the +0 pair of gloves "Kisul" {rElec}
   (You bought it in a shop on level 2 of the Orcish Mines)

   It insulates you from electricity.
Jewellery
 g - a +2 ring of evasion
 p - an uncursed ring of protection from fire
 r - an uncursed ring of positive energy
 v - the amulet of the Rose {+Rage SInv}
   (You acquired it on level 11 of the Dungeon)

   [amulet of rage]

   It lets you see invisible.
   It lets you go berserk.
 E - a ring of see invisible (right hand)
 F - an uncursed ring of flight
 O - a ring of resist corrosion (left hand)
 R - an amulet of regeneration (around neck)
Wands
 B - a wand of clouds (9)
 D - a wand of digging (42)
 H - a wand of paralysis (14)
 J - a wand of disintegration (48)
Scrolls
 k - 12 scrolls of remove curse
 l - 16 scrolls of teleportation
 m - 3 scrolls of amnesia
 q - 8 scrolls of blinking
 w - 6 scrolls of fog
 y - 4 scrolls of fear
 A - 3 scrolls of enchant armour
 C - 5 scrolls of magic mapping
 K - 4 scrolls of holy word
 N - a scroll of silence
Potions
 h - a potion of might
 j - 6 potions of agility
 u - 6 potions of brilliance
 x - 8 potions of curing
 G - 3 potions of heal wounds
 L - 3 potions of haste
 M - 5 potions of flight
 T - 4 potions of ambrosia
 V - 2 potions of berserk rage
 X - a potion of magic
 Y - 4 potions of lignification
 Z - a potion of mutation
Comestibles
 d - 43 rations


   Skills:
 + Level 14.6(19.6) Fighting
 + Level 13.5(18.5) Axes
 + Level 14.3(19.3) Armour
 + Level 13.5(18.5) Dodging
 * Level 12.0(17.0) Shields
 + Level 8.7 Spellcasting
 - Level 3.2 Charms
 - Level 10.5 Invocations


You had 30 spell levels left.
You knew the following spells:

 Your Spells              Type           Power        Failure   Level  Hunger
a - Infusion              Chrm           ###.         98%         1    None
b - Song of Slaying       Chrm           ###.....     99%         2    None


Dungeon Overview and Level Annotations

Branches:
Dungeon (15/15)            Temple (1/1) D:7            Lair (6/6) D:9
 Shoals (0/4) Lair:4       Spider (3/4) Lair:3        Slime (0/5) Lair:5
    Orc (2/2) D:10            Elf (0/3) Orc:2        Vaults (0/5) D:14
 Depths (0/5) D:15

Altars:
Ashenzari
Cheibriados
Dithmenos
Elyvilon
Fedhas
Gozag
Hepliaklqana
Kikubaaqudgha
Makhleb
Nemelex Xobeh
Okawaru
Qazlal
Ru
Sif Muna
Trog
Uskayaw
Vehumet
Wu Jian
Xom
Yredelemnul
Zin
The Shining One
Beogh

Shops:
D:5 (   D:11 ?   D:13 [   Orc:2 }?([%

Annotations:
D:2 Sigmund
D:4 mobydollar's ghost, amateur DrFE
D:5 holliwood's ghost, amateur OpAs
D:6 ldlework's ghost, novice DECj
D:8 Gastronok
D:14 exclusion: 4 oklob plants
Lair:5 exclusion: 3 oklob plants


Innate Abilities, Weirdness & Mutations

Shadows flee at your approach. (+LOS)
You can swim through water.
You cover ground slowly.
You can hop long distances.


Message History

* * * LOW HITPOINT WARNING * * *
A wolf spider comes into view.
The wolf spider hisses angrily.
You struggle to detach yourself from the web.
You hear an angry hiss.
The jumping spider pounces on you!
* * * LOW HITPOINT WARNING * * *
The jumping spider bites you but does no damage.
The wolf spider hits you but does no damage.
The wolf spider completely misses you. The jumping spider barely misses you.
The jumping spider bites you.
* * * LOW HITPOINT WARNING * * *
The jumping spider pounces on you but does no damage.
The jumping spider bites you.
* * * LOW HITPOINT WARNING * * *
The jumping spider pounces on you but does no damage.
The jumping spider bites you.
* * * LOW HITPOINT WARNING * * *
The wolf spider hits you!
You die...

..##............# .#
................# .#
##..............###.#
#...............†.†######
#..............##≈≈....≈
#....$s.§s..†####≈≈≈.≈≈
#.s...§.....# ##≈≈≈≈.
#..ssss.s..†# ##≈≈..
#.###@sy..†.# #####
###...†## .. ##...# ..
##.#^.# #.#.## ##..# ...
^.. #


You could see 2 wolf spiders, a moth of wrath, 4 orb spiders and 3 jumping
spiders.

Vanquished Creatures
  Frances (Spider:1)
  An emperor scorpion (Spider:1)
  A frost giant (D:15)
  2 orc warlords
  A war gargoyle (D:14)
  Azrael (D:15)
  2 ettins
  Erolcha (D:13)
  Harold (Orc:1)
  A rakshasa (D:14)
  A vault guard (D:14)
  5 hydras
  4 catoblepae
  5 centaur warriors
  An ogre mage (D:15)
  An anaconda (Lair:5)
  7 two-headed ogres
  12 death yaks (Lair:6)
  An orc high priest (Orc:2)
  Urug (Lair:3)
  4 skeletal warriors
  4 unseen horrors
  A glowing orange brain (shapeshifter) (D:14)
  4 wizards (D:14)
  A lindwurm (Lair:6)
  2 orc knights
  A deep elf mage (D:14)
  2 orc sorcerers (Orc:2)
  5 orb spiders
  10 wolf spiders
  A necromancer (D:14)
  10 ugly things
  A moth of wrath (Spider:1)
  2 oklob plants (Lair:5)
  3 cyclopes
  5 manticores
  A centaur zombie (D:11)
  Joseph (D:8)
  7 elephants
  A torpor snail (Lair:3)
  Psyche (D:8)
  10 black mambas
  2 centaur skeletons
  An efreet (D:14)
  13 spiny frogs
  A water nymph (shapeshifter) (D:15)
  A rime drake (Lair:4)
  7 demonic crawlers
  11 komodo dragons
  6 trolls
  4 meliai (D:14)
  2 queen bees
  20 jumping spiders
  8 hornets
  A polar bear (Lair:4)
  A merfolk (D:11)
  A troll (shapeshifter) (D:14)
  6 slime creatures (D:14)
  A harpy skeleton (D:14)
  Prince Ribbit (D:9)
  10 hippogriffs
  2 dream sheep (Lair:4)
  11 blink frogs
  12 tarantellas
  A shadow (D:11)
  4 wyverns
  24 redbacks
  43 yaks
  3 wraiths
  A basilisk (D:14)
  20 humans
  A human (shapeshifter) (D:15)
  4 fire elementals (D:15)
  3 hungry ghosts
  12 vampire mosquitoes
  A steam dragon (D:10)
  A warg (Orc:1)
  An acid dragon (D:14)
  A soldier ant (D:13)
  15 water moccasins
  3 hell hounds
  10 porcupines
  13 ice beasts
  37 orc warriors
  3 slaves (D:5)
  3 sky beasts
  2 eyes of draining (D:13)
  2 black bears
  A necrophage (D:8)
  7 wolves (Lair:4)
  A phantom (D:14)
  12 ogres
  35 centaurs
  6 crocodiles
  2 big kobolds
  19 bullfrogs
  2 wyvern zombies
  A water moccasin zombie (D:5)
  2 scorpions
  4 troll zombies (D:10)
  57 killer bees
  9 wights
  An electric eel (Spider:2)
  3 howler monkeys
  2 bullfrog zombies
  11 crimson imps
  2 quasits
  9 hounds
  9 jellies
  20 orc priests
  3 bullfrog skeletons
  Terence (D:2)
  2 iguanas
  15 orc wizards
  13 worker ants
  6 hell rats (Lair:2)
  4 ogre zombies (D:10)
  8 gnolls
  18 adders
  3 worker ant zombies
  17 river rats
  4 shadow imps
  2 oozes
  An adder skeleton (D:8)
  2 adder zombies
  5 worms
  2 dart slugs
  8 leopard geckos
  75 orcs
  3 ball pythons
  15 giant cockroaches
  9 hobgoblins
  8 jackals
  10 quokkas
  11 bats
  14 frilled lizards
  11 goblins
  2 goblin skeletons (D:10)
  3 goblin zombies (D:10)
  A hobgoblin skeleton (D:10)
  3 hobgoblin zombies (D:10)
  31 kobolds
  6 orc skeletons (D:10)
  10 orc zombies (D:10)
  A quokka skeleton (D:5)
  A quokka zombie (D:5)
  27 rats
  3 fungi
  2 plants
1032 creatures vanquished.

Vanquished Creatures (others)
  A jumping spider (Spider:3)
  An orc wizard (D:13)
  An orc (Orc:2)
  9 fungi
  20 plants
32 creatures vanquished.

Grand Total: 1064 creatures vanquished

Notes
Turn   | Place    | Note
-------+----------+-------------------------------------------
     0 | D:1      | shenanigans the Barachi Skald began the quest for the Orb.
     0 | D:1      | Reached XP level 1. HP: 17/17 MP: 3/3
   177 | D:1      | Reached XP level 2. HP: 21/23 MP: 5/5
   490 | D:1      | Reached XP level 3. HP: 27/29 MP: 6/6
  1181 | D:2      | Noticed Terence
  1227 | D:2      | Killed Terence
  1227 | D:2      | Reached XP level 4. HP: 14/35 MP: 2/7
  1622 | D:2      | Noticed Sigmund
  1622 | D:2      | Found a hide-covered altar of Uskayaw.
  1832 | D:2      | Found a deep blue altar of Sif Muna.
  1982 | D:2      | Reached XP level 5. HP: 38/42 MP: 8/8
  2620 | D:3      | Noticed a crocodile
  2787 | D:3      | Reached XP level 6. HP: 48/48 MP: 9/9
  2839 | D:3      | Found a bloodstained altar of Trog.
  2847 | D:3      | Found a stormy altar of Qazlal.
  3135 | D:4      | Found an opulent altar of Gozag.
  3224 | D:4      | Noticed mobydollar's ghost (amateur DrFE)
  3828 | D:5      | Entered Level 5 of the Dungeon
  3847 | D:5      | Noticed an ice beast
  3864 | D:5      | Killed an ice beast
  3865 | D:5      | Noticed a slave
  3866 | D:5      | Noticed a slave
  3873 | D:5      | Reached XP level 7. HP: 55/55 MP: 10/10
  3986 | D:5      | Reached skill level 5 in Fighting
  4271 | D:5      | Reached skill level 5 in Axes
  4271 | D:5      | Reached skill level 5 in Armour
  4271 | D:5      | Reached skill level 5 in Dodging
  4281 | D:5      | Reached XP level 8. HP: 50/64 MP: 11/11
  4413 | D:5      | Found a glowing drain.
  4462 | Sewer    | Entered a sewer
  5332 | D:5      | Found a radiant altar of Vehumet.
  5394 | D:5      | Found a shadowy altar of Dithmenos.
  5444 | D:5      | Found Ezahas's Antique Weapon Shoppe.
  5452 | D:5      | Found an ancient bone altar of Kikubaaqudgha.
  5454 | D:5      | Noticed holliwood's ghost (amateur OpAs)
  5894 | D:6      | Found a glowing golden altar of the Shining One.
  5915 | D:6      | Reached XP level 9. HP: 66/72 MP: 12/12
  6366 | D:6      | Noticed ldlework's ghost (novice DECj)
  7440 | D:7      | Found a staircase to the Ecumenical Temple.
  7450 | Temple   | Entered the Ecumenical Temple
  7612 | Temple   | Became a worshipper of Warmaster Okawaru
  7853 | D:7      | Reached skill level 1 in Invocations
  7867 | D:7      | Found a sparkling altar of Nemelex Xobeh.
  8239 | D:7      | Found an ornate altar of the Wu Jian Council.
  8426 | D:8      | Noticed Joseph
  8652 | D:8      | Found a white marble altar of Elyvilon.
  8963 | D:8      | Noticed Gastronok
  9190 | D:8      | Noticed an unseen horror
  9206 | D:8      | Killed an unseen horror
  9206 | D:8      | Reached * piety under Okawaru
  9206 | D:8      | Reached XP level 10. HP: 77/81 MP: 13/13
  9606 | D:8      | Noticed a two-headed ogre
 10022 | D:8      | Killed Joseph
 10207 | D:8      | Noticed Psyche
 10223 | D:8      | Killed Psyche
 10223 | D:8      | Reached ** piety under Okawaru
 10470 | D:8      | Found a glowing silver altar of Zin.
 10567 | D:9      | Found a staircase to the Lair.
 10570 | D:9      | Noticed a two-headed ogre
 10596 | D:9      | Killed a two-headed ogre
 10926 | D:9      | Reached skill level 5 in Invocations
 11349 | D:9      | Reached *** piety under Okawaru
 11449 | D:9      | Reached XP level 11. HP: 57/88 MP: 13/15
 11666 | D:9      | Noticed Prince Ribbit
 11673 | D:9      | Killed Prince Ribbit
 11803 | D:9      | Noticed a two-headed ogre
 11818 | D:9      | Killed a two-headed ogre
 12318 | D:10     | Entered Level 10 of the Dungeon
 12485 | D:10     | Found a staircase to the Orcish Mines.
 13083 | D:10     | Reached **** piety under Okawaru
 14052 | D:10     | Identified Cuisuxi's Volume of Orientation and Execration
 14376 | D:11     | Reached skill level 10 in Fighting
 14653 | D:11     | Found an ornate altar of the Wu Jian Council.
 14864 | D:11     | Reached ***** piety under Okawaru
 15225 | D:11     | Reached skill level 10 in Armour
 15305 | D:11     | Found Liremok's Magic Scroll Shop.
 15927 | Lair:1   | Entered Level 1 of the Lair of Beasts
 15942 | Lair:1   | Received a gift from Okawaru
 15951 | Lair:1   | Reached XP level 12. HP: 61/97 MP: 17/17
 16974 | Lair:1   | Received a gift from Okawaru
 17008 | Lair:1   | Reached skill level 10 in Axes
 17109 | Lair:2   | Reached skill level 10 in Dodging
 17575 | Lair:2   | Identified a scroll of acquirement
 17973 | Lair:3   | Found a hole to the Spider Nest.
 18393 | Lair:3   | Gained mutation: You can hop long distances. [Barachi growth]
 18393 | Lair:3   | Reached XP level 13. HP: 105/105 MP: 20/20
 18532 | Lair:3   | Noticed Urug
 18548 | Lair:3   | Killed Urug
 19086 | Lair:4   | Received a gift from Okawaru
 19086 | Lair:4   | Reached skill level 10 in Invocations
 19094 | Lair:4   | Got a slimy hat {god gift}
 19105 | Lair:4   | Identified the +1 hat "Tiha" {rPois} (Okawaru gifted it to you on level 4 of the Lair of Beasts)
 19263 | Lair:4   | Learned a level 2 spell: Song of Slaying
 19326 | Lair:4   | Found a staircase to the Shoals.
 20391 | Lair:5   | Found a staircase to the Slime Pits.
 21712 | Lair:5   | Got a smoking broad axe
 21880 | Lair:5   | Identified the +11 broad axe of Keleco {speed, *Contam *Slow rElec MR+++} (You found it on level 5 of the Lair of Beasts)
 21893 | Lair:6   | Entered Level 6 of the Lair of Beasts
 22176 | Orc:1    | Entered Level 1 of the Orcish Mines
 22233 | Orc:1    | Noticed Harold
 22244 | Orc:1    | Killed Harold
 22588 | Orc:2    | Entered Level 2 of the Orcish Mines
 22603 | Orc:2    | Received a gift from Okawaru
 22606 | Orc:2    | Got a transparent broad axe {god gift}
 22695 | Orc:2    | Found a roughly hewn altar of Beogh.
 22843 | Orc:2    | Reached XP level 14. HP: 82/115 MP: 21/21
 23045 | Orc:2    | Found a roughly hewn altar of Beogh.
 23113 | Orc:2    | Found a staircase to the Elven Halls.
 23145 | Orc:2    | Found a roughly hewn altar of Beogh.
 23152 | Orc:2    | Found Joegh's Food Shop.
 23259 | Orc:2    | Found a roughly hewn altar of Beogh.
 23353 | Orc:2    | Found a roughly hewn altar of Beogh.
 23360 | Orc:2    | Found Qere's Magic Scroll Emporium.
 23374 | Orc:2    | Bought a scroll of holy word for 105 gold pieces
 23374 | Orc:2    | Bought a scroll of noise for 14 gold pieces
 23419 | Orc:2    | Found a roughly hewn altar of Beogh.
 23691 | Orc:2    | Found Vueq Rukk's Gadget Emporium.
 23902 | Orc:2    | Found Udoyfirph's Antique Armour Emporium.
 23903 | Orc:2    | Found a roughly hewn altar of Beogh.
 23905 | Orc:2    | Found Foparrug's Antique Weapon Shoppe.
 23918 | Orc:2    | Bought a bone hand axe for 264 gold pieces
 23930 | Orc:2    | Bought a pair of encrusted gloves for 237 gold pieces
 23945 | Orc:2    | Identified the cursed +0 pair of gloves "Kisul" {rElec} (You bought it in a shop on level 2 of the Orcish Mines)
 23980 | Orc:2    | Noticed an orc warlord
 24030 | Orc:1    | Killed an orc warlord
 24330 | Lair:6   | Reached skill level 1 in Shields
 24755 | Lair:6   | Identified the +11 broad axe of Massacring {venom, rF- rN+ Str+2} (Okawaru gifted it to you on level 2 of the Orcish Mines)
 24800 | Lair:6   | Reached ****** piety under Okawaru
 24983 | Lair:6   | Received a gift from Okawaru
 25021 | Lair:6   | Got a dazzling hat {god gift}
 25032 | Lair:6   | Identified the +0 hat of Mumblety Peg {rElec rPois} (Okawaru gifted it to you on level 6 of the Lair of Beasts)
 25271 | Lair:6   | Found a basalt altar of Yredelemnul.
 25500 | Lair:6   | Reached skill level 5 in Shields
 25508 | Lair:6   | Reached skill level 5 in Spellcasting
 25534 | Lair:6   | Identified the cursed +1 hand axe "Fonoiqu" {chop, rC+ rN++ MR- Stlth+} (You bought it in a shop on level 2 of the Orcish Mines)
 25584 | Lair:6   | Received a gift from Okawaru
 25584 | Lair:6   | Reached XP level 15. HP: 121/123 MP: 22/22
 26243 | D:12     | Found a flagged portal.
 26252 | Bailey   | Entered a bailey
 26274 | Bailey   | Noticed an orc warlord
 26335 | Bailey   | Found a runed gate.
 26335 | Bailey   | Found a runed gate.
 26347 | Bailey   | Found a runed gate.
 26440 | Bailey   | Killed an orc warlord
 26447 | Bailey   | Received a gift from Okawaru
 26448 | Bailey   | Found the +8 mithril axe "Arga" {speed, MR+}
 27170 | D:13     | Noticed Erolcha
 27192 | D:13     | Killed Erolcha
 27386 | D:13     | Found Razem's Armour Boutique.
 27439 | D:13     | Found a shattered altar of Ashenzari.
 28521 | D:14     | Received a gift from Okawaru
 28541 | D:14     | Reached XP level 16. HP: 30/132 MP: 25/25
 29058 | D:14     | Found a gate to the Vaults.
 29078 | D:14     | Received a gift from Okawaru
 29613 | D:15     | Entered Level 15 of the Dungeon
 29684 | D:15     | Identified a +0 pair of boots of running (You found it on level 15 of the Dungeon)
 29736 | D:15     | Noticed Azrael
 29765 | D:15     | Killed Azrael
 29891 | D:15     | Reached skill level 10 in Shields
 30250 | D:15     | Found a stormy altar of Qazlal.
 30394 | D:15     | Found a staircase to the Depths.
 30631 | D:11     | Bought a scroll of identify for 30 gold pieces
 30631 | D:11     | Bought a scroll of identify for 30 gold pieces
 30631 | D:11     | Bought a scroll of immolation for 52 gold pieces
 30631 | D:11     | Bought a scroll of vulnerability for 112 gold pieces
 30645 | D:11     | Got a pair of smoking boots
 30656 | D:11     | Identified the -3 pair of boots of Hepliaklqana's Pride {rPois Dex+2} (You acquired it on level 11 of the Dungeon)
 30683 | D:11     | Got an ancient bone amulet
 30688 | D:11     | Got a brightly glowing zirconium amulet
 30691 | D:11     | Identified the amulet of the Rose {+Rage SInv} (You acquired it on level 11 of the Dungeon)
 30693 | D:11     | Identified the amulet "Tuska" {Harm *Drain rC+ Str+5} (You acquired it on level 11 of the Dungeon)
 30942 | Spider:1 | Entered Level 1 of the Spider Nest
 31011 | Spider:1 | Noticed Frances
 31210 | Spider:1 | Killed Frances
 31210 | Spider:1 | Received a gift from Okawaru
 32856 | Spider:2 | Received a gift from Okawaru
 33177 | Spider:3 | Reached XP level 17. HP: 139/140 MP: 29/29
 33263 | Spider:3 | Paralysed by a hornet for 1 turns
 33319 | Spider:3 | Slain by a wolf spider

Vault maps used:
D:1:      elethiomel_arrival_shortcut
D:2:      lemuel_blue_sif_altar, eat_drink_and_be_merry_uskayaw, first_ration,
          uniq_sigmund, uniq_terence
D:3:      gammafunk_temple_overflow_pools, lightli_corner_chamber
D:4:      nicolae_overflow_crystal_walls
D:5:      kennysheep_spiral_hall, vehumet_altar_wand_db, lemuel_doored_altar,
          kennysheep_mini, serial_shops, shop, gup_sewer_entry_bowl,
          minmay_divided_ellipse, uniq_pikel
D:6:      basic_altar
D:7:      nemelex_xobeh_ov_fountains_minmay, kennysheep_little_box,
          minmay_temple_entry_glass
D:8:      zin_scriptorium, old_standard_altar, uniq_psyche, uniq_gastronok,
          uniq_joseph
D:9:      minmay_lair_entry_lava, special_room, uniq_prince_ribbit1
D:10:     zombieorc2_lemuel, centaur_isle
D:11:     serial_shops, nicolae_shop_behind_doors, basic_altar,
          portal_ice_cave_entry_ice_beasts, hangedman_stone_soup,
          amethyst_killhole
D:12:     enter_bailey_2, kennysheep_just_a_vault
D:13:     serial_shops, nicolae_shop_window_shopping, evilmike_ruin_ashenzari,
          uniq_erolcha
D:14:     hangedman_what_comes_after_a, grunt_vaults_entry_tiered, minivault_26
D:15:     grunt_enter_depths_snipers, basic_altar, uniq_azrael
Temple:   jpeg_temple_alley_garden
Lair:2:   lemuel_ratsnest, grunt_megastairs_3
Lair:3:   spider_nest_entry_a, uniq_urug
Lair:4:   elwin_shoals_entry_rocks, nzn_random_ring, grunt_megastairs_1
Lair:5:   beast_lair_carwin_large_2, nicolae_slime_entry_slimehenge,
          minmay_lair_oklob_chamber
Lair:6:   evilmike_catoblepas_cave, basic_altar
Spider:1: nicolae_spider_webs_and_nodes, uniq_frances
Spider:3: guppyfry_hornet_nest
Orc:1:    uniq_harold
Orc:2:    grunt_orc_community_town_hall, grunt_orc_community_big_house_2,
          grunt_orc_community_big_house_2, grunt_orc_community_house_2,
          grunt_orc_community_house_2, grunt_orc_community_house_2,
          grunt_orc_community_house_2, grunt_orc_community_house_2,
          grunt_orc_community_house_3, serial_shops, shop, nicolae_orc_lava_room
Sewer:    sewer_frog_island_01
Bailey:   bailey_axe_bossmonster_kennysheep, bailey

Skill      XL: |  1  2  3  4  5  6  7  8  9 10 11 12 13 14 15 16 17 |
---------------+----------------------------------------------------+-----
Armour         | 2 3 4 5 6 7 9 10 11 12 13 14 | 14.3
Fighting       | 3 4 5 7 8 9 10 11 12 13 14 | 14.6
Axes           | 3 4 5 6 7 8 9 10 11 12 13 | 13.5
Dodging        | 3 4 5 6 7 8 9 10 11 12 13 | 13.5
Invocations    | 3 5 7 9 10 | 10.5
Spellcasting   | 3 5 6 8 |  8.7
Shields        | 5 8 11 12 | 12.0
Charms         | |  3.2

Action                   |  1- 3 |  4- 6 |  7- 9 | 10-12 | 13-15 | 16-18 || total
-------------------------+-------+-------+-------+-------+-------+-------++-------
Melee: Hand axe          |   170 |   139 |       |   142 |       |       ||   451
       Dagger            |       |    78 |   571 |   149 |       |       ||   798
       War axe           |       |       |       |   432 |       |       ||   432
       Punch             |       |       |       |     3 |     1 |       ||     4
       Battleaxe         |       |       |       |   330 |   276 |       ||   606
       Broad axe         |       |       |       |       |  1032 |   620 ||  1652
Throw: Javelin           |       |     8 |    22 |    24 |    19 |     2 ||    75
 Cast: Infusion          |     3 |     4 |       |       |       |       ||     7
Invok: Heroism           |       |       |       |    19 |    29 |    13 ||    61
       Finesse           |       |       |       |       |     2 |     1 ||     3
 Abil: Hop               |       |     2 |     7 |     5 |    10 |     1 ||    25
Evoke: Wand              |       |       |       |     1 |    45 |       ||    46
  Use: Scroll            |       |     7 |       |    12 |     7 |    19 ||    45
       Potion            |       |       |     4 |     1 |     2 |     3 ||    10
 Stab: Petrified         |       |       |       |       |     4 |       ||     4
  Eat: Chunk             |     1 |     7 |    13 |    25 |    27 |     6 ||    79
       Ration            |       |     1 |     2 |     4 |     3 |     4 ||    14
Armor: Scale mail        |    73 |   131 |   298 |   104 |       |       ||   606
       Leather armour    |     1 |       |       |       |       |       ||     1
       Skin              |       |       |    25 |    23 |       |       ||    48
       Plate armour      |       |       |       |   440 |       |       ||   440
       Crystal plate arm |       |       |       |   240 |  1101 |   605 ||  1946
Dodge: Dodged            |    97 |   166 |   394 |   547 |   327 |   148 ||  1679
Block: Shield            |       |       |       |       |   451 |   454 ||   905

Table legend:
 A = Spawn XP
 B = Non-spawn XP
 C = Spawn XP percentage of total XP
 D = Spawn monster count
 E = Non-spawn monster count
 F = Spawn count percentage of total count
 G = Total turns spent on level
                    A         B        C        D         E        F      G
               +---------+---------+-------+---------+---------+-------+---------
         Total |       0 |  185581 |   0.0 |       0 |    1024 |   0.0 | 33319
               +---------+---------+-------+---------+---------+-------+---------
           D:1 |       0 |      46 |   0.0 |       0 |      30 |   0.0 |   795
           D:2 |       0 |     157 |   0.0 |       0 |      25 |   0.0 |  1380
           D:3 |       0 |     127 |   0.0 |       0 |      30 |   0.0 |   998
           D:4 |       0 |      27 |   0.0 |       0 |       4 |   0.0 |   806
           D:5 |       0 |    1762 |   0.0 |       0 |      44 |   0.0 |  1719
           D:6 |       0 |     756 |   0.0 |       0 |      21 |   0.0 |  1070
           D:7 |       0 |     447 |   0.0 |       0 |       9 |   0.0 |  1572
           D:8 |       0 |    2554 |   0.0 |       0 |      14 |   0.0 |  1118
           D:9 |       0 |    5206 |   0.0 |       0 |      55 |   0.0 |  2820
          D:10 |       0 |    2001 |   0.0 |       0 |      47 |   0.0 |  1439
          D:11 |       0 |    4435 |   0.0 |       0 |      45 |   0.0 |  1770
          D:12 |       0 |   11089 |   0.0 |       0 |      55 |   0.0 |   620
          D:13 |       0 |    7441 |   0.0 |       0 |      40 |   0.0 |  1155
          D:14 |       0 |   30122 |   0.0 |       0 |     112 |   0.0 |  1754
          D:15 |       0 |   17578 |   0.0 |       0 |      42 |   0.0 |   949
        Lair:1 |       0 |    5201 |   0.0 |       0 |      22 |   0.0 |  1018
        Lair:2 |       0 |    4902 |   0.0 |       0 |      59 |   0.0 |  1131
        Lair:3 |       0 |    7113 |   0.0 |       0 |      23 |   0.0 |  1373
        Lair:4 |       0 |    7954 |   0.0 |       0 |      31 |   0.0 |  1355
        Lair:5 |       0 |    7236 |   0.0 |       0 |      23 |   0.0 |  1874
        Lair:6 |       0 |   24859 |   0.0 |       0 |      51 |   0.0 |  1375
      Spider:1 |       0 |   12800 |   0.0 |       0 |      27 |   0.0 |  1334
      Spider:2 |       0 |   11217 |   0.0 |       0 |      35 |   0.0 |   658
      Spider:3 |       0 |    5809 |   0.0 |       0 |      21 |   0.0 |   245
         Orc:1 |       0 |    3490 |   0.0 |       0 |      18 |   0.0 |   461
         Orc:2 |       0 |    8350 |   0.0 |       0 |      96 |   0.0 |  1456
         Sewer |       0 |     216 |   0.0 |       0 |      18 |   0.0 |   619
        Bailey |       0 |    2686 |   0.0 |       0 |      27 |   0.0 |   251
               +---------+---------+-------+---------+---------+-------+---------
